 Dungeon Crawl Stone Soup version 0.31-a0-217-g58bb5d79cf (webtiles) character file.

Game seed: 8685562717600208589

14772 qw the Marksminotaur (level 11, -7/100 HPs)
             Began as a Minotaur Hexslinger on July 2, 2023.
             Was an Elder of Okawaru.
             Mangled by an ice devil (8 damage)
             ... summoned by an orc high priest
             ... on level 10 of the Dungeon.
             The game lasted 00:03:52 (9450 turns).

qw the Marksminotaur (Minotaur Hexslinger)          Turns: 9450, Time: 00:03:53

Health: -7/100     AC: 13    Str: 13    XL:     11   Next: 93%
Magic:  14/14      EV: 24    Int: 10    God:    Okawaru [****..]
Gold:   570        SH:  0    Dex: 17    Spells: 11/12 levels left

rFire   . . .        Y - +2 arbalest
rCold   . . .        (shield currently unavailable)
rNeg    . . .        a - +0 troll leather armour
rPois   .            e - +1 hat {Will+}
rElec   .            m - +0 cloak
rCorr   .            l - +0 pair of gloves
SInv    .            (no boots)
Will    +....        t - amulet of regeneration
Stlth   +++          h - +4 ring of protection
HPRegen 1.96/turn    n - +5 ring of evasion
MPRegen 0.14/turn

%: no passive effects
@: lethally poisoned (-7 -> -7), about to teleport, heroic
A: horns 2, retaliatory headbutt
a: Renounce Religion, Heroism, Finesse


You were on level 10 of the Dungeon.
You worshipped Okawaru.
Okawaru was greatly pleased with you.
You visited 2 branches of the dungeon, and saw 11 of its levels.

You collected 570 gold pieces.


Innate Abilities, Weirdness & Mutations

You have a pair of horns on your head.
You reflexively headbutt those who attack you in melee.


   Skills:
 + Level 10.2(15.2) Fighting
 - Level 16.0(21.0) Ranged Weapons
 - Level 4.2(9.2) Armour
 - Level 7.2(12.2) Dodging
 - Level 1.0 Spellcasting
 - Level 2.0 Hexes
 + Level 6.0 Invocations


You had 11 spell levels left.
You knew the following spells:

 Your Spells              Type           Power      Damage    Failure   Level
a - Slow                  Hex            16%        N/A       19%         1

Your spell library contained the following spells:

 Spells                   Type           Power      Damage    Failure   Level
 Inner Flame              Hex/Fire       2%         N/A       63%         3
 Portal Projectile        Hex/Tloc       4%         N/A       63%         3
 Cause Fear               Hex            2%         N/A       87%         4

Inventory:

Hand Weapons
 Y - a +2 arbalest (weapon)
Armour
 a - a +0 troll leather armour (worn)
 e - a +1 hat of willpower (worn)
 l - a +0 pair of gloves (worn)
 m - a +0 cloak (worn)
 o - the +0 leather armour "Lelewutt" {+Inv rF+ rCorr Int-2}
   (You found it on level 10 of the Dungeon)

   Int:       It affects your intelligence (-2).
   rF:        It protects you from fire.
   +Inv:      It lets you turn invisible.
   rCorr:     It protects you from acid and corrosion.
Jewellery
 f - a ring of fire
 h - a +4 ring of protection (left hand)
 n - a +5 ring of evasion (right hand)
 r - a ring of fire
 t - an amulet of regeneration (around neck)
Scrolls
 b - 3 scrolls of identify
 c - a scroll of acquirement {unknown}
 g - 2 scrolls of amnesia {unknown}
 p - 4 scrolls of teleportation
Potions
 d - 2 potions of enlightenment
 i - a potion of might
 j - 3 potions of curing
 k - 2 potions of heal wounds

Dungeon Overview and Level Annotations

Branches:
Dungeon (10/15)            Temple (1/1) D:7
   Lair: D:8-11         Orc: D:9-12

Altars:
Ashenzari
Cheibriados
Dithmenos
Elyvilon
Fedhas
Gozag
Hepliaklqana
Kikubaaqudgha
Makhleb
Nemelex Xobeh
Okawaru
Ru
Sif Muna
Trog
Uskayaw
Vehumet
Wu Jian
Xom
Yredelemnul
Zin
The Shining One
Jiyva

Annotations:
D:8 3 runed translucent doors, qw's ghost, novice MiHs
D:9 1 runed translucent door, qw's ghost, novice GrHs


Message History

The smoke demon gestures at you. The ball of steam hits you.
You shoot a bolt.
The bolt closely misses the orc high priest.
You are engulfed in a cloud of scalding steam.
The orange demon completely misses you. The ice devil hits you.
The ice devil freezes you! The orc high priest closely misses you.
You furiously retaliate!
You headbutt the orc high priest, but do no damage.
The smoke demon completely misses you. You furiously retaliate!
You headbutt the smoke demon. The smoke demon closely misses you.
The smoke demon completely misses you.
You shoot a bolt.
The bolt barely misses the orc high priest.
You are engulfed in a cloud of scalding steam.
The orange demon misses you. The ice devil completely misses you.
The orc high priest is engulfed in a cloud of scalding steam.
The orc high priest completely misses you.
You furiously retaliate!
You headbutt the orc high priest. The smoke demon closely misses you.
You furiously retaliate!
You headbutt the smoke demon. The smoke demon completely misses you.
The smoke demon hits you but does no damage.
You shoot a bolt.
The bolt closely misses the orc high priest.
You are engulfed in a cloud of scalding steam.
The orange demon completely misses you. The ice devil hits you!
The ice devil freezes you!!
The orc high priest is engulfed in a cloud of scalding steam.
The orc high priest hits you but does no damage.
You are poisoned.
The smoke demon hits you but does no damage.
The smoke demon closely misses you.
The smoke demon hits you but does no damage.
9450 ||| READING 5 scrolls of teleportation.
As you read the scroll of teleportation, it crumbles to dust.
You feel strangely unstable.
You are engulfed in a cloud of scalding steam.
You feel sick. The orange demon barely misses you. The ice devil hits you.
The ice devil freezes you!
You die...

#. +##' ... #..# #.#
#..# ...... ..... #..#
#.... ..... +..+
#...#####..... #..#
#...#...#..... #34#
#...#...#.....
#o@###...#...#.....
#'##4##'.#...#...#.....
#.....#ยค....#...#.....
#.....####..#...#.....
#'##'### #..##'##.....
# ... #............ ...
..#............ #...
#'#............ #..
.....)......##'


You could see an orc high priest, an orange demon (summoned), an ice devil
(summoned) and a smoke demon (summoned).

Vanquished Creatures
  An ogre mage (D:10)
  A boulder beetle (D:10)
  A catoblepas (D:9)
  5 two-headed ogres
  3 ugly things (D:10)
  A manticore (D:10)
  A cyclops (D:7)
  2 gargoyles (D:10)
  A freezing wraith (D:10)
  2 trolls
  2 slime creatures (D:10)
  A centaur simulacrum (D:10)
  A shadow (D:10)
  2 wyverns (D:9)
  7 yaks
  4 steam dragons
  3 wraiths (D:10)
  A water moccasin (D:5)
  3 acid dragons
  5 orc warriors
  An ice beast (D:4)
  A sky beast (D:7)
  2 ogres
  5 centaurs
  A phantom (D:5)
  6 bullfrogs
  A gnoll sergeant (D:9)
  2 scorpions
  8 killer bees
  An electric eel (D:10)
  6 howler monkeys
  6 hounds
  6 orc priests
  3 jellies
  2 gnoll boudas (D:7)
  3 sleepcaps
  3 iguanas (D:6)
  8 orc wizards
  A mummy (D:4)
  9 adders
  10 gnolls
  A shadow imp (D:7)
  3 white imps
  An ufetubus (D:5)
  2 worms
  2 dart slugs
  39 orcs
  4 bats
  7 endoplasms
  A giant cockroach (D:1)
  A goblin (D:1)
  5 hobgoblins
  14 kobolds
  3 quokkas
  8 ball pythons
  3 frilled lizards
  3 rats
229 creatures vanquished.

Notes
Turn   | Place    | Note
-------+----------+-------------------------------------------
     0 | D:1      | qw the Minotaur Hexslinger began the quest for the Orb.
     0 | D:1      | Reached XP level 1. HP: 16/16 MP: 1/1
     0 | D:1      | 0 ||| qw: Version: 0.3-a-40-ge99b1a8
     0 | D:1      | 0 ||| qw: Game counter: 161
     0 | D:1      | 0 ||| qw: Melee chars always use a shield: true
     0 | D:1      | 0 ||| qw: God list: Okawaru
     0 | D:1      | 0 ||| qw: Allow faded altars: false
     0 | D:1      | 0 ||| qw: Do Orc after clearing Dungeon:15 true
     0 | D:1      | 0 ||| qw: Do second Lair branch before Depths: true
     0 | D:1      | 0 ||| qw: Lair rune preference: random
     0 | D:1      | 0 ||| qw: Goals: Normal
     0 | D:1      | 0 ||| PLANNING D:1-11
   110 | D:1      | HP: 2/16 [gnoll/+0 club (6)]
   112 | D:1      | Reached skill level 3 in Ranged Weapons
   112 | D:1      | Reached XP level 2. HP: 3/23 MP: 2/2
   112 | D:1      | 112 ||| FLEEEEING.
   113 | D:1      | 113 ||| FLEEEEING.
   114 | D:1      | 114 ||| FLEEEEING.
   115 | D:1      | 115 ||| FLEEEEING.
   117 | D:1      | 117 ||| FLEEEEING.
   118 | D:1      | 118 ||| FLEEEEING.
   119 | D:1      | 119 ||| FLEEEEING.
   120 | D:1      | 120 ||| FLEEEEING.
   121 | D:1      | 121 ||| FLEEEEING.
   122 | D:1      | 122 ||| FLEEEEING.
   123 | D:1      | 123 ||| FLEEEEING.
   124 | D:1      | 124 ||| FLEEEEING.
   125 | D:1      | 125 ||| FLEEEEING.
   126 | D:1      | 126 ||| FLEEEEING.
   127 | D:1      | 127 ||| FLEEEEING.
   128 | D:1      | 128 ||| FLEEEEING.
   129 | D:1      | 129 ||| FLEEEEING.
   130 | D:1      | 130 ||| FLEEEEING.
   131 | D:1      | 131 ||| FLEEEEING.
   132 | D:1      | 132 ||| FLEEEEING.
   133 | D:1      | 133 ||| FLEEEEING.
   134 | D:1      | 134 ||| FLEEEEING.
   135 | D:1      | 135 ||| FLEEEEING.
   138 | D:1      | 138 ||| FLEEEEING.
   139 | D:1      | 139 ||| FLEEEEING.
   140 | D:1      | 140 ||| FLEEEEING.
   141 | D:1      | 141 ||| FLEEEEING.
   142 | D:1      | 142 ||| FLEEEEING.
   144 | D:1      | 144 ||| FLEEEEING.
   441 | D:1      | Reached XP level 3. HP: 29/29 MP: 3/3
   737 | D:1      | 737 ||| UPGRADING to +1 hat of willpower.
   742 | D:1      | 742 ||| UPGRADING to +4 ring of protection.
   743 | D:1      | 743 ||| READING 2 scrolls labelled HIATRA ZAOL.
   744 | D:1      | 744 ||| READING scroll labelled WIZOCZUEQI.
   745 | D:1      | 745 ||| READING scroll labelled SIAPHU AWKAMA.
   750 | D:1      | 750 ||| DROPPING scroll of fear.
   751 | D:1      | 751 ||| DROPPING scroll of poison.
   879 | D:2      | Reached skill level 4 in Ranged Weapons
  1049 | D:2      | Found a burning altar of Makhleb.
  1436 | D:2      | 1436 ||| DROPPING ring of magical power.
  1437 | D:2      | 1437 ||| READING 2 scrolls labelled DAZUNT JEAC.
  1438 | D:2      | 1438 ||| READING scroll labelled OREQ VUARYSHRI.
  1512 | D:3      | Found a glowing golden altar of the Shining One.
  1593 | D:3      | Reached XP level 4. HP: 36/36 MP: 4/4
  1686 | D:3      | Reached skill level 5 in Ranged Weapons
  2039 | D:3      | Found a faded altar of an unknown god.
  2106 | D:3      | 2106 ||| UPGRADING to +0 leather armour.
  2116 | D:3      | 2116 ||| DROPPING +0 robe.
  2117 | D:3      | 2117 ||| DRINKING 2 fizzy grey potions.
  2118 | D:3      | 2118 ||| DRINKING 2 sapphire potions.
  2180 | D:4      | Reached skill level 3 in Fighting
  2180 | D:4      | Reached XP level 5. HP: 44/45 MP: 5/5
  2273 | D:4      | Noticed an ogre
  2285 | D:4      | HP: 9/45 [ogre/+0 giant spiked club (15)]
  2286 | D:4      | 2286 ||| DRINKING potion of heal wounds.
  2286 | D:4      | Killed an ogre
  2287 | D:4      | Reached skill level 6 in Ranged Weapons
  2405 | D:4      | Noticed an ice beast
  2427 | D:4      | Killed an ice beast
  2428 | D:4      | Reached XP level 6. HP: 20/53 MP: 6/6
  2807 | D:4      | HP: 10/53 [frozen (5)]
  2808 | D:4      | 2808 ||| DRINKING potion of heal wounds.
  3227 | D:4      | Found a snail-covered altar of Cheibriados.
  3345 | D:4      | 3345 ||| UPGRADING to +0 cloak.
  3355 | D:4      | 3355 ||| UPGRADING to +5 ring of evasion.
  3356 | D:4      | 3356 ||| READING scroll labelled GENKOO IPTE.
  3373 | D:5      | Entered Level 5 of the Dungeon
  3379 | D:5      | 3379 ||| STAIRDANCE
  3383 | D:4      | Reached skill level 1 in Armour
  3843 | D:5      | Reached skill level 7 in Ranged Weapons
  3843 | D:5      | Reached XP level 7. HP: 60/60 MP: 7/7
  3924 | D:5      | Found a broken altar of Ashenzari.
  3959 | D:5      | Reached skill level 8 in Ranged Weapons
  4570 | D:5      | 4570 ||| DROPPING ring of positive energy.
  4610 | D:6      | 4610 ||| STAIRDANCE
  4679 | D:6      | 4679 ||| STAIRDANCE
  4770 | D:5      | 4770 ||| SWAPPING to +0 arbalest.
  4771 | D:5      | 4771 ||| DROPPING +2 sling.
  4776 | D:6      | 4776 ||| STAIRDANCE
  4878 | D:6      | Reached skill level 3 in Dodging
  4969 | D:6      | Reached XP level 8. HP: 70/70 MP: 8/8
  5086 | D:6      | 5086 ||| Stepping ~*~*~tactically~*~*~ (outnumbered).
  5087 | D:6      | 5087 ||| Stepping ~*~*~tactically~*~*~ (outnumbered).
  5101 | D:6      | Reached skill level 9 in Ranged Weapons
  5246 | D:6      | Reached skill level 6 in Fighting
  5353 | D:6      | Found a white marble altar of Elyvilon.
  5770 | D:6      | 5770 ||| UPGRADING to +0 ring mail.
  5780 | D:6      | 5780 ||| DROPPING +0 leather armour.
  5781 | D:6      | 5781 ||| UPGRADING to +3 leather armour.
  5791 | D:6      | 5791 ||| DROPPING +0 ring mail.
  5851 | D:7      | Reached skill level 10 in Ranged Weapons
  5937 | D:7      | 5937 ||| Stepping ~*~*~tactically~*~*~ (cloud).
  6058 | D:7      | Noticed a troll
  6068 | D:7      | HP: 17/73 [troll (3)]
  6069 | D:7      | 6069 ||| READING 3 scrolls of teleportation.
  6070 | D:7      | 6070 ||| DRINKING potion of heal wounds.
  6282 | D:7      | 6282 ||| READING scroll of enchant weapon.
  6282 | D:7      | 6282 ||| ENCHANTING +0 arbalest.
  6322 | D:7      | Reached XP level 9. HP: 78/79 MP: 9/9
  6328 | D:7      | Found a staircase to the Ecumenical Temple.
  6329 | D:7      | 6329 ||| PLANNING TEMPLE
  6347 | Temple   | Entered the Ecumenical Temple
  6350 | Temple   | 6350 ||| PLANNING OKAWARU WORSHIP
  6514 | Temple   | Became a worshipper of Warmaster Okawaru
  6515 | Temple   | 6515 ||| PLANNING D:1-11
  6632 | D:7      | Found a sacrificial altar of Ru.
  6886 | D:7      | Noticed a cyclops
  6891 | D:7      | Killed a cyclops
  6892 | D:7      | Reached skill level 11 in Ranged Weapons
  7034 | D:7      | 7034 ||| DRINKING 2 sedimented dark potions.
  7035 | D:7      | 7035 ||| READING 2 scrolls of identify.
  7035 | D:7      | 7035 ||| IDENTIFYING metallic sapphire potion
  7036 | D:7      | 7036 ||| DROPPING potion of brilliance.
  7037 | D:7      | 7037 ||| DROPPING potion of attraction.
  7058 | D:8      | Found a runed translucent gate.
  7058 | D:8      | Found a runed translucent gate.
  7058 | D:8      | Found a runed translucent gate.
  7067 | D:8      | 7067 ||| STAIRDANCE
  7072 | D:7      | Reached * piety under Okawaru
  7141 | D:8      | 7141 ||| Stepping ~*~*~tactically~*~*~ (outnumbered).
  7154 | D:8      | Reached skill level 1 in Invocations
  7156 | D:8      | 7156 ||| READING scroll of enchant weapon.
  7156 | D:8      | 7156 ||| ENCHANTING +1 arbalest.
  7178 | D:8      | Noticed qw's ghost (novice MiHs)
  7357 | D:8      | Identified the +0 war axe of Okawaru, Building {freeze, rC+
                  | MP-9 Dex+4}
  7419 | D:8      | 7419 ||| INVOKING Heroism.
  7460 | D:8      | Reached skill level 12 in Ranged Weapons
  7491 | D:8      | Reached skill level 3 in Invocations
  7700 | D:8      | Found a viscous altar of Jiyva.
  7701 | D:8      | 7701 ||| UPGRADING to +0 pair of gloves.
  7706 | D:8      | 7706 ||| UPGRADING to amulet of regeneration.
  7711 | D:8      | 7711 ||| DROPPING ring of flight.
  7712 | D:8      | 7712 ||| READING scroll labelled MEC RIONOKA.
  7747 | D:8      | 7747 ||| READING scroll labelled PASUTI MULUFERPH.
  7848 | D:8      | 7848 ||| READING scroll labelled LEVOLE SYST.
  7849 | D:8      | 7849 ||| READING 2 scrolls of identify.
  7849 | D:8      | 7849 ||| IDENTIFYING fizzy white potion
  7892 | D:9      | 7892 ||| INVOKING Heroism.
  7901 | D:9      | 7901 ||| Stepping ~*~*~tactically~*~*~ (cloud).
  7915 | D:9      | Noticed a troll
  7916 | D:9      | 7916 ||| INVOKING Heroism.
  7919 | D:9      | Noticed a catoblepas
  7930 | D:9      | 7930 ||| Stepping ~*~*~tactically~*~*~ (cloud).
  7932 | D:9      | 7932 ||| INVOKING Heroism.
  7933 | D:9      | Killed a catoblepas
  7934 | D:9      | Reached XP level 10. HP: 30/88 MP: 9/12
  7934 | D:9      | Reached ** piety under Okawaru
  7935 | D:9      | Reached skill level 13 in Ranged Weapons
  8106 | D:9      | Noticed a two-headed ogre
  8107 | D:9      | 8107 ||| INVOKING Heroism.
  8117 | D:9      | Killed a two-headed ogre
  8118 | D:9      | Reached skill level 9 in Fighting
  8247 | D:9      | Reached skill level 6 in Dodging
  8276 | D:9      | 8276 ||| INVOKING Heroism.
  8335 | D:9      | Reached skill level 3 in Armour
  8638 | D:9      | Found a runed translucent door.
  8638 | D:9      | Noticed qw's ghost (novice GrHs)
  8641 | D:9      | 8641 ||| UPGRADING to +0 troll leather armour.
  8651 | D:9      | 8651 ||| DROPPING +3 leather armour.
  8652 | D:9      | 8652 ||| READING 4 scrolls of identify.
  8652 | D:9      | 8652 ||| IDENTIFYING metallic cyan potion
  8653 | D:9      | 8653 ||| READING 3 scrolls of identify.
  8653 | D:9      | 8653 ||| IDENTIFYING bubbling emerald potion
  8654 | D:9      | 8654 ||| READING 2 scrolls of identify.
  8654 | D:9      | 8654 ||| IDENTIFYING glowing golden potion
  8655 | D:9      | 8655 ||| DROPPING potion of berserk rage.
  8656 | D:9      | 8656 ||| DROPPING potion of degeneration.
  8686 | D:10     | Entered Level 10 of the Dungeon
  8709 | D:10     | Noticed a gargoyle
  8717 | D:10     | Killed a gargoyle
  8722 | D:10     | Noticed a two-headed ogre
  8723 | D:10     | 8723 ||| INVOKING Heroism.
  8727 | D:10     | Noticed a gargoyle
  8732 | D:10     | Killed a two-headed ogre
  8733 | D:10     | Reached skill level 14 in Ranged Weapons
  8740 | D:10     | HP: 13/91 [gargoyle/+0 mace (19)]
  8741 | D:10     | 8741 ||| READING 5 scrolls of teleportation.
  8742 | D:10     | 8742 ||| INVOKING Heroism.
  8744 | D:10     | 8744 ||| READING 4 scrolls of teleportation.
  8782 | D:10     | 8782 ||| INVOKING Heroism.
  8817 | D:10     | Reached XP level 11. HP: 96/99 MP: 13/13
  8825 | D:10     | Reached *** piety under Okawaru
  8856 | D:10     | Noticed a two-headed ogre
  8857 | D:10     | 8857 ||| INVOKING Heroism.
  8867 | D:10     | Killed a two-headed ogre
  8903 | D:10     | Identified the +9 quarterstaff "Beetleslayer" {flame, Int+3
                  | Dex+3}
  8903 | D:10     | Noticed an ogre mage
  8904 | D:10     | 8904 ||| INVOKING Heroism.
  8907 | D:10     | Killed an ogre mage
  8908 | D:10     | Reached skill level 15 in Ranged Weapons
  8937 | D:10     | Noticed a two-headed ogre
  8938 | D:10     | 8938 ||| INVOKING Heroism.
  8946 | D:10     | HP: 24/99 [two-headed ogre/+0 giant club (14)]
  8947 | D:10     | 8947 ||| READING 3 scrolls of teleportation.
  8958 | D:10     | Identified the +1 flail "Iheps" {venom, *Slow rC+ Stlth+}
  8958 | D:10     | Noticed an orc high priest
  8959 | D:10     | 8959 ||| FLEEEEING.
  8960 | D:10     | 8960 ||| FLEEEEING.
  8961 | D:10     | Noticed a two-headed ogre
  8962 | D:10     | 8962 ||| INVOKING Heroism.
  8968 | D:10     | Killed a two-headed ogre
  9018 | D:10     | Noticed a white ugly thing
  9018 | D:10     | Noticed a purple ugly thing
  9019 | D:10     | 9019 ||| INVOKING Heroism.
  9021 | D:10     | Noticed a white ugly thing
  9025 | D:10     | Killed a white ugly thing
  9036 | D:10     | Killed a white ugly thing
  9036 | D:10     | Reached **** piety under Okawaru
  9037 | D:10     | Killed a brown ugly thing
  9127 | D:10     | Noticed a boulder beetle
  9128 | D:10     | 9128 ||| INVOKING Heroism.
  9144 | D:10     | 9144 ||| INVOKING Heroism.
  9146 | D:10     | 9146 ||| Stepping ~*~*~tactically~*~*~ (outnumbered).
  9148 | D:10     | Killed a boulder beetle
  9164 | D:10     | Killed a two-headed ogre
  9193 | D:10     | Identified the +0 leather armour "Lelewutt" {+Inv rF+ rCorr
                  | Int-2}
  9243 | D:10     | Reached skill level 16 in Ranged Weapons
  9342 | D:10     | 9342 ||| INVOKING Heroism.
  9364 | D:10     | 9364 ||| INVOKING Heroism.
  9410 | D:10     | Reached skill level 6 in Invocations
  9431 | D:10     | 9431 ||| INVOKING Heroism.
  9433 | D:10     | Noticed a soul eater
  9434 | D:10     | 9434 ||| Stepping ~*~*~tactically~*~*~ (outnumbered).
  9449 | D:10     | HP: 6/100 [ice devil[an orc high priest] (20)]
  9450 | D:10     | 9450 ||| READING 5 scrolls of teleportation.
  9450 | D:10     | HP: 1/100 [ice devil[an orc high priest] (5)]
  9450 | D:10     | Mangled by an ice devil

Levels and vault maps discovered:
D:1:      nzn_arrival_water_spiral, layout_loops_ring
D:2:      layout_basic, basic_altar
D:3:      layout_loops_ring, mainiacjoe_overflow_alcove_4,
          hellmonk_ecumenical_altar_inner_sanctum
D:4:      layout_loops_corners, slow_altar_2, kennysheep_opposing_triangles
D:5:      layout_basic, evilmike_ruin_ashenzari
D:6:      layout_loops_corners, mainiacjoe_overflow_boulevard, st_stairs_13
D:7:      layout_loops_cross, nicolae_ru_awakened_eye, minmay_temple_entry_hall,
          minmay_small_thing
D:8:      layout_loops_ring, gammafunk_ghost_ooze
D:9:      minmay_ornate_pinched, layout_basic, gammafunk_ghost_grave,
          minmay_fountain_box, minivault_19
D:10:     minmay_the_grid_square_5x5_4x4 [minmay_the_grid_square_5x5_inner_v,
          minmay_the_grid_square_5x5_minimal, minmay_the_grid_square_5x5_z,
          minmay_the_grid_square_5x5_tie,
          minmay_the_grid_square_5x5_eight_small,
          minmay_the_grid_square_5x5_prize_junk,
          minmay_the_grid_square_5x5_prize_pseudospiral,
          minmay_the_grid_square_5x5_empty,
          minmay_the_grid_square_5x5_inverted_slash,
          minmay_the_grid_square_5x5_prize_itemx,
          minmay_the_grid_square_5x5_prize_monsterx,
          minmay_the_grid_square_5x5_tetrominoes,
          minmay_the_grid_square_5x5_slash, minmay_the_grid_square_5x5_longway,
          minmay_the_grid_square_5x5_checkered,
          minmay_the_grid_square_5x5_two_small], layout_irregular_city,
          mainiacjoe_overflow_24_doors, fountainhead, chequers_avenue,
          uniq_josephine, uniq_nergalle
Temple:   eino_temple_scatter_basement

Skill      XL: |  1  2  3  4  5  6  7  8  9 10 11 |
---------------+----------------------------------+-----
Ranged Weapons | 3 4 5 6 7 8 10 12 14 16 | 16.0
Fighting       | 2 3 4 5 7 8 9 10 | 10.2
Armour         | 1 2 3 4 |  4.2
Dodging        | 3 4 5 6 7 |  7.2
Invocations    | 4 6 |  6.0
Spellcasting   | |  1.0
Hexes          | |  2.0

Action                     |  1- 3 |  4- 6 |  7- 9 | 10-12 || total
---------------------------+-------+-------+-------+-------++-------
   Fire: Sling             |    96 |   190 |    77 |       ||   363
         Arbalest          |       |       |   240 |   268 ||   508
 Invoke: Heroism           |       |       |     4 |    15 ||    19
    Use: Scroll            |     5 |     1 |     8 |     7 ||    21
         Potion            |       |     4 |     2 |       ||     6
 Armour: Robe              |    12 |     3 |       |       ||    15
         Leather armour    |       |    34 |    75 |     2 ||   111
         Troll leather arm |       |       |       |    34 ||    34
  Dodge: Dodged            |    20 |    90 |   254 |   133 ||   497

Table legend:
 A = Non-vault XP
 B = Vault XP
 C = Vault XP percentage of total XP
 D = Non-vault monster count
 E = Vault monster count
 F = Vault count percentage of total count
                 A         B        C        D         E       F
            +---------+---------+-------+---------+---------+-------
      Total |    8305 |   12799 |  60.6 |     180 |      49 |  21.4
            +---------+---------+-------+---------+---------+-------
        D:1 |      48 |       0 |   0.0 |      21 |       0 |   0.0
        D:2 |      48 |       0 |   0.0 |      16 |       0 |   0.0
        D:3 |      77 |       0 |   0.0 |      16 |       0 |   0.0
        D:4 |     390 |      41 |   9.5 |      14 |       5 |  26.3
        D:5 |     636 |       3 |   0.5 |      14 |       1 |   6.7
        D:6 |     854 |       3 |   0.4 |      31 |       1 |   3.1
        D:7 |    1016 |     526 |  34.1 |      26 |       1 |   3.7
        D:8 |    1185 |       0 |   0.0 |      23 |       0 |   0.0
        D:9 |    1286 |    2506 |  66.1 |       8 |      14 |  63.6
       D:10 |    2765 |    9720 |  77.9 |      11 |      27 |  71.1
            +---------+---------+-------+---------+---------+-------
